 Dungeon Crawl Stone Soup version 0.21.1-1-g345015f (webtiles) character file.

240 Fortress the Firebug (level 5, -3/38 HPs)
             Began as a Draconian Fire Elementalist on June 5, 2018.
             Slain by a scorpion (5 damage)
             ... on level 2 of the Dungeon.
             The game lasted 00:25:23 (2726 turns).

Fortress the Firebug (Draconian Fire Elementalist)  Turns: 2726, Time: 00:25:23

Health: -3/38      AC:  5    Str: 11    XL:     5   Next: 79%
Magic:  0/9        EV: 12    Int: 16    God:
Gold:   83         SH:  0    Dex: 11    Spells: 9/10 levels left

rFire    . . .     SeeInvis .   j - +1 spear
rCold    . . .     Gourm    .   (no shield)
rNeg     . . .     Faith    .   (armour unavailable)
rPois    .         Spirit   .   (helmet restricted)
rElec    .         Reflect  .   (no cloak)
rCorr    .         Harm     .   (no gloves)
MR       .....                  (no boots)
Stlth    ++........             (no amulet)
HPRegen  0.12/turn              (no ring)
MPRegen  0.11/turn              (no ring)

@: lethally poisoned (-3 -> -12)
A: unfitting armour, cold-blooded, AC +5
a: no special abilities


You were on level 2 of the Dungeon.
You were not hungry.

You visited 1 branch of the dungeon, and saw 3 of its levels.

You collected 83 gold pieces.

Inventory:

Hand Weapons
 g - a +0 club
 h - a +0 hunting sling
 j - a +1 spear (weapon)
 p - a +0 hunting sling
Missiles
 c - 108 stones (quivered)
 d - 14 sling bullets
Jewellery
 f - an uncursed amulet of magic regeneration {unknown}
Scrolls
 k - a scroll of identify {unknown}
 l - a scroll of noise
 m - a scroll of teleportation {unknown}
 o - a scroll of enchant weapon
Potions
 e - 2 potions of curing {unknown}
 i - a potion of lignification {unknown}
 n - a potion of haste {unknown}
Books
 a - a book of Flames

   Spells                             Type                      Level
   a - Flame Tongue                   Conjuration/Fire             1
   b - Throw Flame                    Conjuration/Fire             2
   c - Conjure Flame                  Conjuration/Fire             3
   d - Inner Flame                    Hexes/Fire                   3
   e - Sticky Flame                   Conjuration/Fire             4
   f - Fireball                       Conjuration/Fire             5
Comestibles
 b - 3 rations


   Skills:
 + Level 0.1 Fighting
 + Level 0.2 Polearms
 + Level 2.7 Dodging
 + Level 2.1 Stealth
 + Level 0.6 Unarmed Combat
 + Level 3.2 Spellcasting
 + Level 2.2 Conjurations
 + Level 4.6 Fire Magic


You had 9 spell levels left.
You knew the following spells:

 Your Spells              Type           Power        Failure   Level  Hunger
a - Flame Tongue          Conj/Fire      ##...        4%          1    None


Dungeon Overview and Level Annotations

Branches:
Dungeon (3/15)

Altars:


Innate Abilities, Weirdness & Mutations

Your plain brown scales are hard. (AC +5)
You cannot fit into any form of body armour.
You are cold-blooded and may be slowed by cold attacks.


Message History

Casting: Flame Tongue
Confirm with . or Enter, or press ? or * to list all spells.
Aiming: Flame Tongue
Press: ? - help, Shift-Dir - straight line, f - scorpion
Aim: a scorpion (moderately wounded)
The flame tongue hits the scorpion.
The scorpion is severely wounded.
* * * LOW HITPOINT WARNING * * *
You feel sick. The scorpion misses you.
As you read the scroll labeled IJOTUU TAWYGH, it crumbles to dust.
You hear a loud clanging noise!
It was a scroll of noise.
* * * LOW HITPOINT WARNING * * *
You feel sick. The scorpion closely misses you.
As you read the scroll labeled BIFI BOILUGEA, it crumbles to dust.
It is a scroll of enchant weapon.
Your +0 spear glows red for a moment.
* * * LOW HITPOINT WARNING * * *
You feel sick. The scorpion stings you.
You die...

...# #......##.##########.# .###
#.#.#####.# ###.### .#
##.#.#####.# #...... .#
#..........# #.#.### .#
#..####.######## #.#..## .#
#..####........# #.##.##
.########....##........####.##.##
........#.##.##s.................
...............†@......###.###.##
...))...##.....#.......#.......#
.###########.###.........#.#####
.# ##...##.........#.# .####
#.....###.###.....# ....#
#......##.#.....### .##.#
#...........##.## .##.#
##...#.##.####.# .##.#
##.##.##......#


You could see a scorpion.

Vanquished Creatures
  The ghost of Naiya55 the Digger, an amateur GrEE (D:3)
  Natasha (thrice) (D:2)
  3 gnolls (D:2)
  2 adders (D:2)
  An ooze (D:3)
  A worm (D:2)
  A dart slug (D:1)
  2 leopard geckos
  An orc (D:3)
  4 bats
  4 giant cockroaches
  2 goblins (D:2)
  8 hobgoblins
  A quokka (D:3)
  2 frilled lizards
  4 kobolds
  2 rats
42 creatures vanquished.

Notes
Turn   | Place    | Note
-------+----------+-------------------------------------------
     0 | D:1      | Fortress the Draconian Fire Elementalist began the quest for the Orb.
     0 | D:1      | Reached XP level 1. HP: 14/14 MP: 3/3
   516 | D:1      | Reached XP level 2. HP: 20/20 MP: 5/5
  1254 | D:2      | Reached XP level 3. HP: 26/26 MP: 3/6
  1544 | D:2      | Reached XP level 4. HP: 15/33 MP: 0/7
  1819 | D:2      | Noticed Natasha
  1827 | D:2      | Killed Natasha
  1827 | D:2      | Reached skill level 4 in Fire Magic
  1984 | D:2      | Noticed Natasha
  1994 | D:2      | Killed Natasha
  2011 | D:2      | Noticed Natasha
  2016 | D:2      | Killed Natasha
  2016 | D:2      | Reached XP level 5. HP: 19/38 MP: 4/9
  2521 | D:3      | Noticed Naiya55's ghost (amateur GrEE)
  2653 | D:3      | Killed Naiya55's ghost
  2726 | D:2      | Slain by a scorpion

Skill      XL: |  1  2  3  4  5 |
---------------+----------------+-----
Dodging        | 2 |  2.7
Stealth        | 2 |  2.1
Fire Magic     | 4 |  4.6
Spellcasting   | 3 |  3.2
Conjurations   | 2 |  2.2
Fighting       | |  0.1
Polearms       | |  0.2
Unarmed Combat | |  0.6

Action                   |  1- 3 |  4- 6 || total
-------------------------+-------+-------++-------
Melee: Unarmed           |    37 |       ||    37
       Tailslap          |     3 |       ||     3
       Spear             |       |    14 ||    14
 Cast: Flame Tongue      |    48 |    43 ||    91
  Use: Scroll            |       |     2 ||     2
 Stab: Sleeping          |     1 |       ||     1
  Eat: Ration            |     1 |     1 ||     2
Armor: Skin              |    22 |    16 ||    38
Dodge: Dodged            |    44 |    30 ||    74
